[Event "Late-Titled-Tuesday-Blitz-October-10-2023"]
[Site "Chess.com"]
[Date "2023.10.10"]
[Round "5"]
[White "Fore_Man"]
[Black "ExchangeAB"]
[Result "0-1"]
[WhiteElo "2274"]
[BlackElo "2493"]
[TimeControl "180+1"]
[EndTime "14:53:06 PDT"]
[Termination "ExchangeAB won by resignation"]

1. Nf3 d5 2. c4 c6 3. d4 Nf6 4. e3 Bf5 5. Nc3 e6 6. Qb3 Qb6 7. c5 Qc7 8. Nh4 Bg4 9. h3 Bh5 10.
g4 Bg6 11. Nxg6 hxg6 12. Bg2 Nbd7 13. e4 dxe4 14. Nxe4 Nxe4 15. Bxe4 Nf6 16. Bg2 O-O-O 17. Be3 Nd5 18. O-O-O Nxe3 19. fxe3 e5 20. Kb1 f5 21.
d5 cxd5 22. gxf5 gxf5 23. Bxd5 Bxc5 24. Rc1 b6 25. Be6+ Kb8 26. Bxf5 e4 27. Bxe4 Qe5 28. Bg2 Rd2 29. Rc2 Rxc2 30. Qxc2 Qxe3 31. Qg6 Rd8 32. a3 Qd3+ 33. Qxd3 Rxd3 34. Kc2 Rg3 35. Be4 Bd4 36. Rd1 Bf6 37. Rd7 Re3 38. Bc6 Re2+ 39. Kd3 Rxb2 40. Rb7+ Kc8 41. Rxa7 Rb3+ 42. Kc4 Rxh3 43. Bd7+ Kb8 44.
Ra6 Rc3+ 45. Kb5 Kc7 46. Be6 Bd4 47. Ra7+ Kd6 48. Bc4 g5 49. a4 Ke5 50. Re7+ Kf4 51. Re6 g4 52. Rxb6 Bxb6 53. Kxb6 Rxc4 54. a5 Ra4 55. a6 Rxa6+ 56. Kxa6 g3 0-1

[Event "Late-Titled-Tuesday-Blitz-October-10-2023"]
[Site "Chess.com"]
[Date "2023.10.10"]
[Round "5"]
[White "Elbebiber"]
[Black "lluiss"]
[Result "1/2-1/2"]
[WhiteElo "2148"]
[BlackElo "2214"]
[TimeControl "180+1"]
[EndTime "14:53:09 PDT"]
[Termination "Game drawn by stalemate"]

1. d4 Nf6 2. Bg5 e6 3. Nf3 c5 4. e3 b6 5. c3 Bb7 6. Be2 Be7 7. O-O O-O 8. Nbd2 d6 9. Re1 h6 10. Bh4 Nbd7 11. Bd3 d5 12. e4 cxd4 13. Nxd4 Ne5 14. Bc2 Ng6 15. Bg3 dxe4 16. Nxe4 Nxe4 17. Bxe4 Bxe4 18. Rxe4 Qd5 19. Qe1 Rfd8 20. Re2 Bf6 21. Nf3 Qc4 22. Re4 Qb5 23. Qe2 Qxe2 24. Rxe2 Rd7 25.
Rd2 Rad8 26. Rad1 Rxd2 27. Rxd2 Rxd2 28. Nxd2 Be5 29. Bxe5 Nxe5 30. b3 f5 31. Kf1 Nd3 32. a4 e5 33. Ke2 e4 34. g3 Kf7 35.
f3 Ke6 36. fxe4 fxe4 37. Nxe4 Nc1+ 38. Ke3 Nxb3 39. Kd3 Nc1+ 40. Kd2 Ke5 41. Nf2 Nb3+ 42. Kd3 Nc5+ 43. Kc4 Nxa4 44. Nd3+ Kd6 45. Nf4 Nc5 46. Nh5 Ne6 47. Kd3 g6 48. Nf4 Nxf4+ 49. gxf4 a5 50. Kc4 Kc6 51. h4 h5 52. Kd4 b5 53. Ke5 a4 54.
Kf6 a3 55. Kxg6 a2 56. f5 a1=Q 57. f6 Qxc3 58. f7 Qg3+ 59. Kh7 Qf4 60. Kg8 Qg4+ 61.
Kf8 Kd7 1/2-1/2

[Event "Late-Titled-Tuesday-Blitz-October-10-2023"]
[Site "Chess.com"]
[Date "2023.10.10"]
[Round "5"]
[White "WDCH"]
[Black "Denis_Makhnyov"]
[Result "0-1"]
[WhiteElo "2721"]
[BlackElo "2917"]
[TimeControl "180+1"]
[EndTime "14:53:10 PDT"]
[Termination "Denis_Makhnyov won by checkmate"]

1. Nf3 d5 2. c4 d4 3. d3 Nc6 4.
g3 e5 5. Bg2 Bb4+ 6. Nfd2 a5 7.
O-O Nf6 8. Na3 O-O 9. Nc2 Be7 10.
a3 Re8 11. Rb1 a4 12. b4 axb3 13. Rxb3 Ra7 14. Bb2 Nd7 15. Rb5 Ncb8 16. Ba1 c6 17.
Rb3 Nc5 18. Rb1 Bf6 19. Nf3 Bf5 20. Qd2 Nbd7 21. Rfd1 h6 22. Qb4 Qc7 23. Nfe1 Be7 24. Qd2 Bg5 25. Qb4 Rd8 26. Nf3 Bf6 27. Nfe1 Bg5 28.
Nf3 Be7 29. Qd2 Ne6 30. e3 c5 31.
exd4 exd4 32. Re1 g5 33. Qe2 Bf6 34. Nd2 Bg7 35. Be4 Bxe4 36. Qxe4 b6 37. Qf5 Ndf8 38. Ne4 Qe7 39. Bb2 Qd7 40. Bc1 Ra6 41. Bd2 Ng6 42. Nf6+ Bxf6 43. Qxf6 Qd6 44. Re4 Nef8 45. Qxd6 Rxd6 46.
Re8 Kg7 47. Rbe1 Nd7 48. Rd8 Ra7 49. Ree8 Rf6 50. Rg8+ Kh7 51. Rge8 Nde5 52. Ne1 Rxa3 53. h4 gxh4 54. gxh4 h5 55. Bg5 Rf5 56. f4 Nxd3 57. Nf3 Ndxf4 58. Ne5 Rxe5 59. Rxe5 Nh3+ 60. Kh2 Nxe5 61.
Bf6 Ng4+ 62. Kg2 Nf4+ 63. Kf1 Ra1# 0-1

[Event "Late-Titled-Tuesday-Blitz-October-10-2023"]
[Site "Chess.com"]
[Date "2023.10.10"]
[Round "5"]
[White "pinguino120"]
[Black "Inepton_Fermion"]
[Result "1-0"]
[WhiteElo "2236"]
[BlackElo "2392"]
[TimeControl "180+1"]
[EndTime "14:53:10 PDT"]
[Termination "pinguino120 won on time"]

1. e4 c5 2. Nf3 e6 3. g3 Nc6 4.
Bg2 d5 5. exd5 exd5 6. d4 Nf6 7. O-O cxd4 8. Nxd4 Be7 9. c4 Nxd4 10. Qxd4 dxc4 11. Qxd8+ Bxd8 12. Re1+ Be7 13. Na3 Be6 14. Bxb7 Rb8 15. Bc6+ Kf8 16. Nb5 Bc5 17. Bf4 Rb6 18. Nxa7 Ra6 19.
Red1 Ke7 20. b4 cxb3 21. axb3 Rxa7 22. Rxa7+ Bxa7 23. Bd6+ Kd8 24. Bb8+ Kc8 25. Bxa7 Kc7 26. Rc1 Kd6 27. b4 Rc8 28. b5 Bd5 29. Rd1 Ke6 30. Bb7 Bxb7 31. b6 Bd5 32. Re1+ Kd7 33. Rb1 Bb7 34.
Rd1+ Nd5 35. Kf1 Rc6 36. Rxd5+ Rd6 37. Rxd6+ Kxd6 38. Bb8+ Kc5 39. Bc7 f5 40. Ke2 g5 41.
Ke3 g4 42. Kf4 Bc8 43. Kg5 Kc6 44. Kh6 Be6 45. Kxh7 Bc8 46. Kh6 Bd7 47. Kg5 Bc8 48. Kh4 Kd5 49. Kg5 Ke4 50. Kh4 Bb7 51. h3 gxh3 52.
Kxh3 Kf3 53. g4 fxg4+ 54. Kh4 Bc6 55. Bg3 Bb7 56. Kg5 Bc8 57. Kf6 Bb7 58. Ke7 Bd5 59. Kd8 Ke4 60. Kc7 Kf5 61. b7 Bxb7 62. Kxb7 Ke4 63.
Kc6 1-0

[Event "Late-Titled-Tuesday-Blitz-October-10-2023"]
[Site "Chess.com"]
[Date "2023.10.10"]
[Round "5"]
[White "santosalberto1987"]
[Black "Arteler"]
[Result "1/2-1/2"]
[WhiteElo "2459"]
[BlackElo "2602"]
[TimeControl "180+1"]
[EndTime "14:53:13 PDT"]
[Termination "Game drawn by repetition"]

1. e4 e6 2. d4 d5 3. Nc3 Bb4 4. e5 c5 5. a3 Ba5 6. b4 cxd4 7.
Nb5 Bc7 8. f4 Bd7 9. Nxd4 Ba4 10. Ngf3 Ne7 11. Bd3 Nbc6 12. Bb2 Bb6 13. O-O Nxd4 14.
Bxd4 Bxd4+ 15. Nxd4 Qb6 16. Kh1 Rc8 17. Qd2 Nc6 18.
c3 Nxd4 19. cxd4 Bb5 20. f5 Bxd3 21. Qxd3 Rc4 22. Rf4 exf5 23. Qxf5 O-O 24. Rd1 Qe6 25. Qg5 h6 26. Qg3 Rfc8 27. h3 Rc3 28. Rd3 Rxd3 29. Qxd3 Rc1+ 30. Kh2 a6 31. Qg3 Kf8 32. Rg4 g5 33. h4 Qf5 34. hxg5 Qf1 35. Qf3 Qh1+ 36. Kg3 Rf1 37. Qxd5 h5 38. Rf4 Rxf4 39. Kxf4 Qh4+ 40. Kf3 Qg4+ 41. Kf2 Qf4+ 42. Kg1 Qe3+ 43. Kh1 Qe1+ 44.
Kh2 Qh4+ 45. Kg1 Qe1+ 46. Kh2 Qh4+ 47. Kg1 Qxg5 48. Qd6+ Kg7 49. d5 Qe3+ 50. Kf1 Qf4+ 51.
Ke2 Qe4+ 52. Kd1 Qd3+ 53. Ke1 Qe3+ 54. Kf1 Qf4+ 55. Ke2 Qe4+ 56. Kf2 Qf4+ 57. Kg1 Qc1+ 58. Kf2 Qf4+ 59. Ke2 1/2-1/2

[Event "Late-Titled-Tuesday-Blitz-October-10-2023"]
[Site "Chess.com"]
[Date "2023.10.10"]
[Round "5"]
[White "azikom"]
[Black "martinez_95"]
[Result "1-0"]
[WhiteElo "2605"]
[BlackElo "2220"]
[TimeControl "180+1"]
[EndTime "14:53:13 PDT"]
[Termination "azikom won on time"]

1. c4 g6 2. Nc3 Bg7 3. d4 c5 4. d5 Nf6 5. e4 d6 6. Bg5 O-O 7. Qd2 e6 8. f3 exd5 9. cxd5 a6 10. a4 Re8 11. Nge2 Qc7 12. Ng3 Nbd7 13. Be2 h5 14. O-O Nh7 15. Bh6 h4 16. Nh1 Bd4+ 17. Nf2 Ne5 18. Be3 h3 19. g3 Bxe3 20. Qxe3 f5 21.
Qh6 Nf7 22. Qxg6+ Kh8 23. f4 Bd7 24. exf5 Re7 25. f6 Rg8 26. Qh5 Re3 27. Qxf7 Qd8 28. Bd3 Nxf6 29. Rae1 Rxe1 30. Rxe1 Rg7 31. Qxf6 Qxf6 32.
a5 Qxf4 33. Nce4 Qf3 34. Bf1 Rf7 35. Bxh3 Bxh3 36. Nxh3 Qd3 37. Nhg5 Qd4+ 38. Kg2 Rg7 39. h4 Qxb2+ 40. Kh3 Qe5 41. Rf1 Qe7 42. Rf5 Qd7 43. g4 c4 44. Rf8+ Rg8 45. Rxg8+ Kxg8 46. Nf6+ Kg7 47.
Nxd7 c3 48. Ne6+ 1-0

[Event "Late-Titled-Tuesday-Blitz-October-10-2023"]
[Site "Chess.com"]
[Date "2023.10.10"]
[Round "5"]
[White "biostatistician"]
[Black "Iball95"]
[Result "0-1"]
[WhiteElo "2554"]
[BlackElo "2839"]
[TimeControl "180+1"]
[EndTime "14:53:14 PDT"]
[Termination "Iball95 won on time"]

1. d4 d5 2. c4 e6 3. Nf3 Nf6 4. Bg5 Be7 5. e3 O-O 6. Nc3 h6 7. Bh4 Nbd7 8. Rc1 c5 9. cxd5 Nxd5 10.
Bxe7 Nxe7 11. Be2 b6 12. O-O Bb7 13. a3 a6 14. dxc5 Nxc5 15. b4 Ne4 16. Nxe4 Bxe4 17.
Qb3 Bd5 18. Qb2 a5 19. Nd4 axb4 20. Qxb4 Ng6 21. Bf3 Ne5 22. Bxd5 Qxd5 23. Rfd1 Qa5 24. Nc6 Nxc6 25. Rxc6 Qxa3 26. Qxa3 Rxa3 27. Rxb6 Ra2 28. g4 g6 29. Rb7 Ra4 30. h3 Ra5 31. Kg2 h5 32.
Rdd7 Kg7 33. Kg3 hxg4 34. hxg4 Rc5 35. Re7 Kg8 36. f4 Ra5 37. Kf3 Rc5 38. Ke4 Ra5 39. Kf3 Rc5 40. Red7 Ra5 41. Kg3 Kg7 42. Re7 Kg8 43.
Kh4 Ra3 44. e4 Ra4 45. f5 exf5 46. exf5 gxf5 47. Kg5 fxg4 48. Kh4 Kg7 49. Re5 Kf6 50. Rh5 Rg8 51. Rh6+ Ke5 52. Rb5+ Kf4 53. Rf6+ Ke3 54.
Rxf7 g3+ 55. Kh3 g2 56. Rb3+ Ke4 0-1

[Event "Late-Titled-Tuesday-Blitz-October-10-2023"]
[Site "Chess.com"]
[Date "2023.10.10"]
[Round "5"]
[White "Binary010"]
[Black "Zq1"]
[Result "1/2-1/2"]
[WhiteElo "2830"]
[BlackElo "2564"]
[TimeControl "180+1"]
[EndTime "14:53:14 PDT"]
[Termination "Game drawn by repetition"]

1. e4 c5 2. Nf3 d6 3. d4 cxd4 4. Nxd4 Nf6 5. Nc3 Nc6 6. Bg5 Bd7 7.
Qd2 Rc8 8. Nxc6 Bxc6 9. f3 e6 10. O-O-O h6 11. Bf4 d5 12. exd5 Nxd5 13. Nxd5 Qxd5 14.
Qxd5 Bxd5 15. Bb5+ Bc6 16. Bxc6+ Rxc6 17. Rd3 Bc5 18.
Rhd1 O-O 19. Rd7 b5 20. Rb7 Rfc8 21. Kb1 b4 22. Rdd7 Bf8 23. Bc7 a5 24. Bxa5 Rxc2 25.
Rbc7 R8xc7 26. Bxc7 Rc6 27. Be5 f6 28. Rc7 Rb6 29.
Bd4 Rb5 30. Kc2 e5 31. Be3 b3+ 32. axb3 f5 33. Rc4 Kf7 34. Bd2 Ke6 35. b4 g5 36.
Kb3 f4 37. Ka4 Rd5 38. Bc3 Rd8 39. b5 Kd5 40. Rc7 Ra8+ 41. Ba5 Bc5 42. b4 Bd4 43.
Rd7+ Kc4 44. Rc7+ Kd5 45. Rd7+ Kc4 46. Rd6 g4 47. b6 e4 48. fxe4 f3 49. gxf3 gxf3 50.
b7 Rb8 51. Rd7 f2 52. Rc7+ Kd3 53. Rf7 Rxb7 54. Rxb7 f1=Q 55. Rd7 Qd1+ 56. Kb5 Qb3 57. Bb6 Qc4+ 58. Ka5 Qa2+ 59. Kb5 Qc4+ 60. Ka5 Qa2+ 61.
Kb5 Qc4+ 1/2-1/2

[Event "Late-Titled-Tuesday-Blitz-October-10-2023"]
[Site "Chess.com"]
[Date "2023.10.10"]
[Round "5"]
[White "2typicalchessplayer"]
[Black "Maestro1986"]
[Result "1-0"]
[WhiteElo "2381"]
[BlackElo "2532"]
[TimeControl "180+1"]
[EndTime "14:53:15 PDT"]
[Termination "2typicalchessplayer won by checkmate"]

1. Nf3 Nf6 2. g3 g6 3. b3 Bg7 4. Bb2 O-O 5. Bg2 d5 6. c4 c6 7. O-O Bg4 8. d3 Qc8 9. Re1 Bh3 10. Bh1 Na6 11. Qc2 Nh5 12. Bxg7 Nxg7 13. Nc3 Nb4 14.
Qb2 Be6 15. a3 Na6 16. e4 h6 17. Rad1 dxc4 18. bxc4 Rd8 19. Na4 c5 20. Nc3 Nc7 21. Nd5 Nxd5 22. exd5 Bg4 23. Rb1 e6 24. Ne5 Bf5 25. dxe6 Nxe6 26. Bxb7 Qc7 27. Bxa8 Rxa8 28. Qb7 Qxb7 29. Rxb7 Nd4 30. Kg2 Re8 31. Nf3 Rxe1 32. Nxe1 a6 33. Ra7 h5 34. Rxa6 h4 35. gxh4 Kf8 36.
Ra7 Ke8 37. a4 Bd7 38. a5 Kd8 39. Kg3 Kc8 40. Kf4 f6 41. Nf3 Nc6 42. Ra6 Kc7 43. Ke3 Bc8 44. Rb6 f5 45. Rb5 Kd6 46. d4 cxd4+ 47. Nxd4 f4+ 48. Ke4 Ne7 49. Rb6+ Kd7 50. c5 Kc7 51. Ke5 f3 52. Kf6 Nd5+ 53. Kxg6 Nxb6 54.
cxb6+ Kd6 55. Nxf3 Ke6 56. Ng5+ Ke7 57. h5 Kf8 58. h6 Kg8 59. h7+ Kh8 60. Nf7# 1-0

[Event "Late-Titled-Tuesday-Blitz-October-10-2023"]
[Site "Chess.com"]
[Date "2023.10.10"]
[Round "5"]
[White "stasOR4ik"]
[Black "ozates"]
[Result "1/2-1/2"]
[WhiteElo "2454"]
[BlackElo "2764"]
[TimeControl "180+1"]
[EndTime "14:53:17 PDT"]
[Termination "Game drawn by repetition"]

1. c4 e5 2. Nc3 Nf6 3. g3 h6 4.
Bg2 Bb4 5. e4 O-O 6. Nge2 c6 7.
O-O d5 8. exd5 Bf5 9. d4 e4 10.
dxc6 Nxc6 11. a3 Bxc3 12. bxc3 Re8 13. h3 Na5 14. Qa4 Be6 15. c5 Bb3 16. Qb4 Nd5 17.
Rb1 Nxb4 18. axb4 Bc4 19. Re1 Bd3 20. Ra1 Nb3 21. Ra3 Nxc1 22. Nxc1 Qg5 23. Ra2 a6 24. Re3 Qh5 25. Rd2 Qg6 26. Rd1 Qc6 27. Nxd3 Qa4 28. Nb2 Qc2 29. Rde1 Qxb2 30. Bxe4 Kf8 31. d5 a5 32. d6 Qd2 33. Bxb7 Qxe1+ 34. Rxe1 Rxe1+ 35. Kg2 Rb8 36. c6 Ree8 37. d7 Red8 38. c7 Ke7 39. cxb8=Q Rxb8 40. Bc8 axb4 41. cxb4 Rxb4 42. Kf3 Rd4 43. Kg2 Rd3 44. Kf1 f5 45. Ke2 Rc3 46.
Kd2 Ra3 47. Ke2 g5 48. Kf1 f4 49. gxf4 gxf4 50. Ke2 Kd8 51. Kd2 Rxh3 52. Ke2 Ra3 53. Kf1 h5 54. Kg2 h4 55. Kh2 Rf3 56. Kg2 Rd3 57. Kg1 h3 58. Kf1 Rf3 59. Kg1 Rd3 60. Kh2 Ke7 61. Kg1 Kd8 1/2-1/2

[Event "Late-Titled-Tuesday-Blitz-October-10-2023"]
[Site "Chess.com"]
[Date "2023.10.10"]
[Round "5"]
[White "FontVella8"]
[Black "Noki102"]
[Result "1-0"]
[WhiteElo "2631"]
[BlackElo "2464"]
[TimeControl "180+1"]
[EndTime "14:53:20 PDT"]
[Termination "FontVella8 won by checkmate"]

1. e4 e5 2. Nf3 Nc6 3. Bc4 Nf6 4. Ng5 d5 5. exd5 Na5 6. Bb5+ c6 7. dxc6 bxc6 8. Qf3 Be7 9. Bd3 O-O 10. O-O h6 11.
Ne4 Nd5 12. Ng3 Nf4 13. Bf5 Bb7 14. d3 g6 15. Bxf4 exf4 16. Qxf4 Bg5 17. Qb4 gxf5 18.
Nxf5 Qd5 19. Ne3 Qb5 20. a3 Bc8 21. Nc3 Qxb4 22. axb4 Nb7 23. Nc4 Be6 24. Ra6 Bf6 25.
Ne4 Bd4 26. c3 Bg7 27. Rfa1 Bxc4 28. dxc4 Rfe8 29. f3 f5 30. Ng3 Nd6 31. Rxc6 Bf8 32. c5 Nf7 33. Nxf5 Re2 34. Nd4 Rxb2 35. Rg6+ Kh7 36.
Rga6 Re8 37. Rxa7 Kg8 38. Ra8 Re3 39. Rc1 Rd3 40. Ne6 Rdd2 41. Rxf8+ Kh7 42. Rxf7+ Kg6 43. Rg7+ Kf6 44. Re1 h5 45. h4 Rdc2 46. Rg5 Rxc3 47. Nf4 Rcc2 48. Nxh5+ Kf7 49. Rg7+ Kf8 50. Rg4 Kf7 51.
Kh2 Rb3 52. Kh3 Rcc3 53. Ree4 Rc2 54. Rgf4+ Kg6 55. Re6+ Kh7 56. Rf7+ Kg8 57. Rg7+ Kf8 58. Rf6+ Ke8 59. Rff7 Rb1 60. Nf6+ Kd8 61. Rg8# 1-0

[Event "Late-Titled-Tuesday-Blitz-October-10-2023"]
[Site "Chess.com"]
[Date "2023.10.10"]
[Round "5"]
[White "Vamostodorecto"]
[Black "AlleyOoper"]
[Result "0-1"]
[WhiteElo "2431"]
[BlackElo "2592"]
[TimeControl "180+1"]
[EndTime "14:53:20 PDT"]
[Termination "AlleyOoper won by resignation"]

1. d4 Nf6 2. c4 c5 3. d5 g6 4.
Nc3 Bg7 5. e4 d6 6. f4 O-O 7.
Nf3 Bg4 8. Be2 e6 9. O-O exd5 10. cxd5 Re8 11. Nd2 Bxe2 12. Qxe2 Nbd7 13. Qf3 a6 14. a4 Rc8 15. Nc4 Nb6 16. Nxd6 Qxd6 17. e5 Qd7 18. exf6 Bxf6 19. a5 Nc4 20. Ne4 Bd4+ 21. Kh1 Rcd8 22. b3 Qxd5 23. Nf6+ Bxf6 24. Qxd5 Rxd5 25. bxc4 Bxa1 26.
cxd5 Rd8 27. Rd1 Bd4 28. Ba3 Rxd5 29. g3 h5 30. Kg2 Kg7 31. Kf3 Kf6 32. Ke4 Ke6 33. Rb1 f5+ 34. Kf3 Rd7 35. Rb6+ Kf7 36. Ke2 c4 37. Rb1 Rc7 38. Kd2 c3+ 39. Kc2 Bf6 40.
Bd6 Rd7 41. Be5 Bxe5 42. fxe5 Ke6 43. Rb6+ Kxe5 44. Rxg6 Rc7 45. Rh6 Rc5 46. Rxh5 Rxa5 47. g4 Kf4 48. g5 Kg4 49. Rh7 Kxg5 50. Rxb7 Ra2+ 51. Kxc3 Rxh2 52. Ra7 Ra2 53. Kb3 Ra1 54. Kb2 Ra5 55. Kb3 Kf4 56. Kb4 Ra1 57. Kb3 Kf3 58.
Kb2 Ra5 59. Rf7 f4 60. Kc2 Rd5 61. Rf6 a5 62. Kc3 Ke3 63. Kc4 Rd4+ 64. Kc3 Re4 65. Rf7 f3 66. Rh7 f2 67. Rf7 Rf4 0-1

[Event "Late-Titled-Tuesday-Blitz-October-10-2023"]
[Site "Chess.com"]
[Date "2023.10.10"]
[Round "5"]
[White "PapaieDudu"]
[Black "Horokoskii"]
[Result "0-1"]
[WhiteElo "2358"]
[BlackElo "2118"]
[TimeControl "180+1"]
[EndTime "14:53:20 PDT"]
[Termination "Horokoskii won by checkmate"]

1. e4 e6 2. Nf3 d5 3. e5 c5 4.
b4 cxb4 5. a3 b3 6. cxb3 Nc6 7.
d4 Nge7 8. Nc3 Nf5 9. Be2 Qb6 10.
O-O Nfxd4 11. Na4 Nxe2+ 12. Qxe2 Qxb3 13. Nb2 Bd7 14. Nd3 Be7 15. h4 O-O 16. Bg5 Bxg5 17.
Nxg5 Nd4 18. Qd2 Bb5 19. Nc5 Qc4 20. Rfd1 Ne2+ 21. Kh2 Qxc5 22. Rab1 a6 23. a4 Bc4 24. Rxb7 Qxf2 25. Nf3 Qg3+ 26. Kh1 f6 27. exf6 Rxf6 28. Qe3 Qg4 29. Rdb1 Raf8 30. Rb8 Rxf3 31. Qxf3 Qxh4+ 32. Qh3 Ng3+ 33. Kh2 Nf1+ 34. Kh1 Ng3+ 35. Kh2 Nf1+ 36. Kg1 Qxh3 37. gxh3 Ne3 38. R8b6 Rf6 39. Rb7 Nf5 40. Ra7 Rf8 41. Rb8 Rxb8 42. Kf2 Rb2+ 43. Kf3 h6 44. Kf4 Nd4 45. h4 Rf2+ 46. Ke3 Rf7 47. Ra8+ Rf8 48.
Ra7 Nf5+ 49. Kf4 Nxh4+ 50. Ke5 Ng6+ 51. Kxe6 Rf6+ 52. Kd7 Rf7+ 53. Kc8 Rxa7 54. a5 Rf7 55. Kd8 Ne7 56. Kd7 Nf5+ 57. Ke6 d4+ 58. Ke5 d3 59. Kf4 d2 60. Kf3 d1=Q+ 61. Ke4 Qe2+ 62. Kf4 Nd4+ 63. Kg3 Qf3+ 64. Kh4 Rf4# 0-1

[Event "Late-Titled-Tuesday-Blitz-October-10-2023"]
[Site "Chess.com"]
[Date "2023.10.10"]
[Round "5"]
[White "Necromon"]
[Black "GMKrikor"]
[Result "1/2-1/2"]
[WhiteElo "2467"]
[BlackElo "2788"]
[TimeControl "180+1"]
[EndTime "14:53:21 PDT"]
[Termination "Game drawn by repetition"]

1. Nf3 d5 2. c4 d4 3. e3 Nc6 4. exd4 Nxd4 5. Nxd4 Qxd4 6. Nc3 c6 7. d3 Nh6 8. Be3 Qd8 9. Be2 Nf5 10. Bf4 g6 11.
O-O Bg7 12. Qd2 O-O 13. Rab1 e5 14. Be3 Be6 15. Ne4 Nd4 16. Rfd1 b6 17. Bf1 Qd7 18. Bh6 f6 19. b4 Rad8 20. c5 Bxh6 21. Qxh6 Bxa2 22. Ra1 Bd5 23. Nd6 a5 24. bxa5 bxc5 25. Ne4 c4 26. a6 Ra8 27. Qh4 Qe7 28. dxc4 g5 29. Qg4 h5 30. Qxh5 Bxe4 31. Bd3 Bxd3 32.
Rxd3 Qf7 33. Qg4 Kg7 34. Rc3 Rh8 35. h3 Rh4 36. Qd1 Rhh8 37. Qd3 Qg6 38. Qd1 Ra7 39. Rcc1 Rha8 40. Rcb1 Rxa6 41. Rb7+ Kh6 42. Rab1 Ra2 43. Rc7 Qf5 44. Kh2 Qf4+ 45. Kh1 R8a7 46. Rc8 Ra8 47. Rc7 R2a7 48. Rxa7 Rxa7 49. Rb8 g4 50. Qb1 gxh3 51. Rh8+ Kg5 52. Rg8+ Kh6 53. Rh8+ Kg5 54. Rg8+ Kh5 55. Rh8+ Kg5 1/2-1/2

[Event "Late-Titled-Tuesday-Blitz-October-10-2023"]
[Site "Chess.com"]
[Date "2023.10.10"]
[Round "5"]
[White "Verony64"]
[Black "victormago"]
[Result "0-1"]
[WhiteElo "2190"]
[BlackElo "2515"]
[TimeControl "180+1"]
[EndTime "14:53:22 PDT"]
[Termination "victormago won by resignation"]

1. e4 c5 2. Nc3 d6 3. d3 g6 4. g3 Bg7 5. Bg2 Nc6 6. f4 e6 7.
Nf3 Nge7 8. O-O O-O 9. Be3 Nd4 10. Qd2 Rb8 11. Rae1 b5 12. Nd1 b4 13. c3 Nxf3+ 14. Bxf3 bxc3 15. bxc3 Qa5 16. d4 Ba6 17. Rf2 cxd4 18. Bxd4 Bxd4 19. Qxd4 Qb6 20. Qf6 Nc6 21.
Ne3 Qd8 22. Ng4 h5 23. Qxd8 Rfxd8 24. Ne3 Na5 25. Rd2 Kf8 26. Red1 Ke7 27. Be2 Bxe2 28.
Rxe2 Rdc8 29. Rd3 Nc4 30. Kf2 Rb6 31. Nxc4 Rxc4 32. Ke3 Ra6 33. Red2 Rca4 34. h4 Ra3 35. c4 R3a5 36. Rd4 Rxa2 37. Rxd6 R2a3+ 38. R6d3 Rxd3+ 39. Rxd3 Ra4 40. Rc3 Kd6 41. Kd3 Kc5 42. e5 a5 43.
Rb3 Rb4 44. Ra3 a4 45. Ra2 Rb3+ 46. Kc2 Kb4 47. c5 Rc3+ 48. Kd2 Rxc5 49. Rb2+ Ka5 50. Rb7 a3 51. Rxf7 Kb4 52. Ra7 Ra5 53. Rb7+ Kc4 54.
Rc7+ Kd4 55. Rc1 a2 56. Ra1 Ke4 57. Kc3 Kf3 58. Kb4 Ra8 59. Kc5 Kxg3 60. Kd6 Ra6+ 61. Ke7 Kxh4 62. Kf6 Kg4 63. Kxg6 Kxf4 64. Kf6 h4 65. Rf1+ Kg3 66. Rg1+ Kf2 67. Ra1 h3 68. Rh1 Kg2 69. Ra1 h2 70. Rxa2+ Rxa2 71. Kxe6 Re2 72. Kd6 h1=Q 73. e6 Qh6 0-1

[Event "Late-Titled-Tuesday-Blitz-October-10-2023"]
[Site "Chess.com"]
[Date "2023.10.10"]
[Round "5"]
[White "Harsha_Bharathakoti"]
[Black "Byniolus"]
[Result "1/2-1/2"]
[WhiteElo "2905"]
[BlackElo "2712"]
[TimeControl "180+1"]
[EndTime "14:53:23 PDT"]
[Termination "Game drawn by repetition"]

1. c4 c6 2. Nf3 d5 3. e3 Nf6 4. b3 Bf5 5. Bb2 e6 6. Nc3 Nbd7 7. Be2 h6 8. O-O Bd6 9. d4 O-O 10. Re1 Ne4 11. Bd3 Ndf6 12. Ne5 Bb4 13. Qc2 Qa5 14. Rec1 Bxc3 15. Bxc3 Qxc3 16. Qxc3 Nxc3 17.
Rxc3 Bxd3 18. Nxd3 Rfd8 19. f3 Nd7 20. Rb1 a5 21.
Kf2 Kf8 22. h4 Ke7 23. g4 g6 24. Rc2 Ra7 25. Re1 Raa8 26. Kg3 Ra7 27. Rh1 Raa8 28.
a4 Nf6 29. Kf2 h5 30. g5 Ne8 31. Re1 Rab8 32. Ne5 Kf8 33. Rd2 Nd6 34. e4 Rbc8 35.
Ke3 Kg7 36. Red1 Rc7 37. c5 Nc8 38. Rd3 Ne7 39. Rb1 Ra8 40. b4 axb4 41. Rxb4 f6 42. gxf6+ Kxf6 43. Rdb3 Ra7 44. Rb2 Kg7 45. Rg2 Kf6 46. Kf4 Ra8 47. Ke3 Ra7 48. Rg1 Ra8 49. Kf4 Ra7 50. Rgb1 Ng8 51. Ke3 Ne7 52. Nd3 Ng8 53. Rg1 Ne7 54. Nf4 Rc8 55. Rgb1 Rc7 56. Rg1 Rc8 57. Nd3 Rc7 58. Kf4 Rc8 59. Ne5 Rc7 60.
Rg2 Rc8 61. Rb3 Rc7 62. Rb4 1/2-1/2

[Event "Late-Titled-Tuesday-Blitz-October-10-2023"]
[Site "Chess.com"]
[Date "2023.10.10"]
[Round "5"]
[White "FMJoseHerrera"]
[Black "schack_vit"]
[Result "1-0"]
[WhiteElo "2760"]
[BlackElo "2478"]
[TimeControl "180+1"]
[EndTime "14:53:24 PDT"]
[Termination "FMJoseHerrera won on time"]

1. Nf3 d5 2. g3 Nf6 3. Bg2 Bg4 4. O-O e6 5. d3 c6 6. c3 Bd6 7. Qb3 Qb6 8. Be3 c5 9. Qxb6 axb6 10. Nbd2 Nbd7 11. a4 O-O 12. Rfb1 e5 13. h3 Be6 14.
d4 e4 15. Ng5 Bf5 16. h4 h6 17. Nh3 Ng4 18. Bf4 Bxf4 19. Nxf4 e3 20. fxe3 Bxb1 21. Nxb1 Nxe3 22. Nxd5 Nxg2 23. Kxg2 cxd4 24. cxd4 b5 25. a5 Rfd8 26. Nbc3 b4 27. Nxb4 Nf6 28. e3 Re8 29. Kf3 g5 30. hxg5 hxg5 31. e4 Kg7 32. e5 Nd7 33. Nbd5 Rec8 34. Ke4 Rc4 35. Kd3 Rc6 36. Ne7 Rca6 37. b4 b6 38. Nf5+ Kg6 39.
Nd6 bxa5 40. b5 Rb6 41. Nd5 Rbb8 42. Rf1 Rf8 43. b6 Rab8 44. b7 a4 45. Ra1 Rfd8 46.
Rxa4 Nf8 47. Ra6 Ne6 48. Ke4 Rd7 49. Ra8 Rbxb7 50. Nxb7 Rxb7 51. Rg8+ Kh7 52. Nf6+ Kh6 53. d5 Nc5+ 54. Kd4 Nb3+ 55. Kc4 Nd2+ 56. Kd3 Nf3 57.
Ke4 Nd2+ 58. Kf5 Nf3 59. d6 Nd4+ 60. Ke4 Ne6 61. Kf5 Nd4+ 62. Ke4 Ne6 63. Rh8+ Kg7 64. Rh7+ Kf8 65. Kf5 Rb5 66. Rh8+ Kg7 67. Rg8+ Kh6 68. d7 1-0

[Event "Late-Titled-Tuesday-Blitz-October-10-2023"]
[Site "Chess.com"]
[Date "2023.10.10"]
[Round "5"]
[White "AlivodicDario"]
[Black "Djager97"]
[Result "0-1"]
[WhiteElo "2459"]
[BlackElo "2630"]
[TimeControl "180+1"]
[EndTime "14:53:32 PDT"]
[Termination "Djager97 won by resignation"]

1. d4 d5 2. c4 e6 3. Nc3 c6 4.
Nf3 Nf6 5. Bg5 Nbd7 6. cxd5 exd5 7. e3 h6 8. Bh4 Be7 9. Bd3 O-O 10. Qc2 Re8 11. h3 Ne4 12. Bxe7 Qxe7 13. Bxe4 dxe4 14. Nd2 Nf6 15. g4 c5 16. d5 b5 17. d6 Qxd6 18. Nxb5 Qc6 19. Nc3 Ba6 20. O-O-O Bd3 21. Qa4 Qb6 22.
Nc4 Qb4 23. Nd6 Red8 24. Nf5 Rab8 25. Qa3 Rb7 26. Rhg1 Rdb8 27. Nd6 Rb6 28. Qxb4 cxb4 29. Rxd3 exd3 30. Nce4 Rc6+ 31. Kb1 Nxe4 32. Nxe4 Rc2 33. Rd1 Rbc8 34. Nd6 R8c6 35. Nf5 Kf8 36. Nd4 Rc8 37.
f3 a5 38. b3 Rh2 39. Rxd3 Rh1+ 40. Kb2 Rcc1 41. Ne2 Rb1+ 42. Kc2 Ra1 43. Kb2 Rhb1+ 44. Kc2 Re1 45. Kd2 Rh1 46. e4 Rxa2+ 47. Ke3 Re1 48. Rd2 Rxd2 49. Kxd2 Rh1 50. Nf4 Ke7 51. Nd5+ Kd6 52.
Ne3 Kc5 53. Nc4 a4 54. Ne5 a3 55. Nd3+ Kb5 56. Nc1 Rh2+ 57. Kd3 a2 58. Nxa2 Rxa2 59. h4 Rb2 60. Kd4 Rxb3 61. f4 Rg3 62. g5 hxg5 63. hxg5 b3 64. g6 fxg6 65. e5 b2 66. e6 b1=Q 0-1

[Event "Late-Titled-Tuesday-Blitz-October-10-2023"]
[Site "Chess.com"]
[Date "2023.10.10"]
[Round "5"]
[White "GMMikhailKazakov"]
[Black "pedromartinez91"]
[Result "1/2-1/2"]
[WhiteElo "2375"]
[BlackElo "2543"]
[TimeControl "180+1"]
[EndTime "14:53:34 PDT"]
[Termination "Game drawn - insufficient material"]

1. e4 e5 2. Nf3 Nc6 3. Bb5 Nf6 4. d3 Bc5 5. O-O Nd4 6. Nxd4 Bxd4 7. c3 Bb6 8. Ba4 c6 9. Bc2 O-O 10. d4 d6 11. f3 d5 12. Kh1 exd4 13. e5 d3 14. Qxd3 Ne4 15. fxe4 d4 16. Nd2 Be6 17. Nc4 Bc5 18. Nd6 Qb6 19. b4 Bxd6 20. exd6 c5 21.
e5 g6 22. bxc5 Qxc5 23. cxd4 Qa5 24. Qe3 Qb5 25. Bd3 Qa4 26. Qh6 f5 27. Bg5 Qxd4 28. Bf6 Rxf6 29. exf6 Qxf6 30. Rad1 Rd8 31. Bc2 Bxa2 32.
Qd2 Be6 33. Rfe1 Kg7 34. Bb1 Qf7 35. Qd4+ Kg8 36. Qe5 Bb3 37. Rd2 Rd7 38. h3 a5 39.
Rd4 a4 40. Rc1 Rd8 41. Rc7 Qf8 42. Re7 Bf7 43. Qa5 Rxd6 44. Rxd6 Qxe7 45. Rd1 Bb3 46. Qd8+ Qxd8 47. Rxd8+ Kf7 48. Rb8 Bd5 49. Ra8 Bc6 50.
Ra7 Ke6 51. Bc2 b5 52. Ra6 Kd5 53. Kg1 Kc5 54. Kf2 Bd5 55. Ke3 Bc4 56. Kd2 Bf1 57. g3 Bxh3 58. Ra7 Bg2 59. Rxh7 Bc6 60. Rg7 b4 61. Rxg6 b3 62. Bxf5 a3 63. Rxc6+ Kxc6 64. Kc3 a2 65. Kb2 Kd6 66. g4 Ke5 67. Bd3 Kf4 68.
Be2 Kg5 69. Bd1 Kf4 70. Be2 Kg5 71. Bf3 Kf4 72. Bd1 Kg5 73. Ka1 Kf4 74. Bxb3 Kxg4 75. Bd1+ Kf4 76. Kxa2 1/2-1/2